Map: [ESL] Data-C

Players

Spirit - Winner!

  • Race: Terran Terran
  • Spawn Location: 9:00

PtitDrogo

  • Race: Protoss Protoss
  • Spawn Location: 3:00

Event: DreamHack SC2 Masters 2022 Atlanta (Online)

VOD

Have the link to the VOD?

Description

Time

  • Played on: Oct. 6, 2022, 12:03 p.m.
  • Length: 9:06

All games in this series

Show
View Real Time Build Order
Export as new Build Order

Spirit Terran - Winner!

Build Orders: 1/1/1, Widow Mine Drop 

Get SALT Encoding   

  12  0:00  SCV  
  13  0:12  SCV  
  14  0:18  Supply Depot  
  14  0:24  SCV  
  15  0:39  SCV  
  15  0:40  Barracks  
  16  0:45  Refinery  
  16  0:51  SCV  
  16  0:54  Refinery  
  17  1:03  SCV  
  18  1:16  SCV  
  19  1:27  Marine  
  19  1:28  Orbital Command  
  20  1:33  Factory  
  20  1:42  Supply Depot  
  20  1:46  Barracks Reactor  
  20  1:53  SCV  
  21  2:05  SCV  
  22  2:17  Starport  
  22  2:18  SCV  
  23  2:28  Widow Mine x2  
  23  2:29  Supply Depot  
  27  2:30  SCV  
  29  2:50  Widow Mine  
  29  2:51  Widow Mine  
  32  2:54  Medivac  
  32  2:56  Armory  
  34  2:59  Supply Depot  
  34  3:02  SCV  
  35  3:11  Widow Mine  
  35  3:12  Widow Mine  
  39  3:18  Supply Depot  
  39  3:21  SCV  
  39  3:26  Medivac  
  42  3:32  Widow Mine  
  44  3:34  Widow Mine  
  46  3:42  Marine  
  47  3:54  Widow Mine  
  47  3:56  Widow Mine  
  47  3:59  Marine  
  47  4:01  Medivac  
  50  4:20  Command Center  
  50  4:21  Barracks Reactor  
  50  4:29  Widow Mine  
  50  4:30  Widow Mine  
  50  4:38  SCV  
  50  4:43  Barracks  
  50  4:44  Barracks  
  49  4:50  Engineering Bay  
  49  4:51  SCV  
  46  5:03  SCV  
  41  5:14  Bunker  
  41  5:16  SCV  
  42  5:25  Marine x2  
  42  5:28  SCV  
  41  5:30  Barracks Tech Lab  
  41  5:32  Terran Infantry Weapons Level 1  
  41  5:34  Orbital Command  
  39  5:37  Barracks Tech Lab  
  39  5:39  Viking  
  39  5:40  SCV, Factory Tech Lab  
  40  5:49  Missile Turret  
  40  5:50  Missile Turret  
  40  5:52  SCV  
  40  5:53  Stimpack  
  41  6:00  Combat Shield  
  41  6:02  SCV  
  42  6:04  SCV  
  42  6:10  Marine x2  
  45  6:12  Starport Reactor  
  45  6:14  SCV  
  45  6:15  Cyclone  
  45  6:16  SCV  
  50  6:20  Marine  
  50  6:24  Refinery  
  51  6:25  Marine  
  51  6:26  SCV  
  51  6:29  SCV, Marine  
  55  6:37  Supply Depot, Refinery  
  55  6:39  SCV, Marine  
  54  6:41  SCV  
  54  6:42  Marine  
  54  6:44  Marine  
  58  6:47  Marine  
  58  6:51  SCV, Medivac x2  
  58  6:53  SCV  
  65  6:57  Supply Depot  
  65  6:59  Marine  
  65  7:00  Supply Depot  
  66  7:03  SCV  
  66  7:05  SCV, Marine  
  66  7:08  Marauder  
  71  7:09  Marauder  
  71  7:15  SCV  
  74  7:17  SCV  
  74  7:18  Concussive Shells  
  74  7:21  Supply Depot  
  75  7:29  Marauder  
  78  7:30  Medivac  
  78  7:31  Medivac, Marauder  
  78  7:33  Marine  
  78  7:36  Marine  
  85  7:39  Widow Mine  
  87  7:51  Marauder  
  88  7:52  Marauder  
  88  7:53  Marine  
  89  8:00  Widow Mine  
  91  8:08  Marine  
  91  8:11  Command Center  
  91  8:12  Marauder  
  94  8:13  Marauder  
  94  8:18  Medivac  
  98  8:20  Marine  
  98  8:21  Widow Mine  
  98  8:27  Marine  
  98  8:32  SCV  
  98  8:34  Marauder  
  102  8:35  Marauder  
  102  8:38  Marine  
  97  8:43  Widow Mine  
  97  8:45  Marine  
  101  8:53  SCV  
Show
View Real Time Build Order
Export as new Build Order

PtitDrogo Protoss 

Build Orders: 1 Gate Expand, Phoenix Opening 

Get SALT Encoding   

  12  0:00  Probe  
  13  0:12  Probe  
  14  0:17  Pylon  
  14  0:24  Probe (Chrono Boost)  
  16  0:36  Probe (Chrono Boost)  
  16  0:37  Gateway  
  16  0:43  Probe (Chrono Boost)  
  16  0:46  Assimilator  
  17  0:51  Probe  
  18  1:03  Probe  
  19  1:15  Probe  
  20  1:23  Nexus  
  20  1:34  Cybernetics Core  
  20  1:36  Probe  
  21  1:41  Assimilator  
  21  1:48  Probe  
  21  1:51  Pylon  
  22  2:00  Probe  
  23  2:07  Adept (Chrono Boost)  
  23  2:12  Probe  
  23  2:14  Stargate  
  26  2:20  Warp Gate  
  26  2:24  Probe  
  26  2:27  Adept (Chrono Boost)  
  27  2:35  Probe (Chrono Boost)  
  31  2:41  Probe (Chrono Boost)  
  31  2:46  Probe (Chrono Boost)  
  31  2:50  Adept  
  35  2:51  Probe x2 (Chrono Boost)  
  35  2:58  Phoenix (Chrono Boost)  
  38  3:01  Probe x2  
  40  3:07  Shield Battery  
  40  3:13  Probe  
  40  3:14  Probe  
  42  3:20  Phoenix (Chrono Boost)  
  42  3:24  Pylon  
  42  3:26  Probe x2  
  46  3:42  Phoenix (Chrono Boost)  
  46  3:48  Probe  
  47  3:52  Robotics Facility, Probe  
  44  4:00  Probe  
  44  4:02  Phoenix (Chrono Boost)  
  47  4:04  Probe  
  48  4:12  Probe  
  48  4:13  Stalker  
  48  4:16  Probe  
  50  4:24  Probe  
  50  4:28  Probe  
  51  4:33  Nexus  
  51  4:37  Probe  
  52  4:42  Observer (Chrono Boost)  
  52  4:45  Probe  
  53  4:49  Probe  
  49  5:01  Probe  
  50  5:13  Stalker  
  52  5:14  Observer  
  51  5:26  Probe  
  48  5:29  Probe (Chrono Boost)  
  49  5:38  Probe (Chrono Boost)  
  49  5:41  Probe (Chrono Boost)  
  51  5:48  Probe (Chrono Boost)  
  54  5:50  Probe x2 (Chrono Boost)  
  54  5:55  Observer (Chrono Boost)  
  58  5:57  Phoenix  
  58  5:58  Probe x2 (Chrono Boost)  
  58  6:01  Probe (Chrono Boost)  
  58  6:03  Probe (Chrono Boost)  
  60  6:05  Probe (Chrono Boost)  
  60  6:07  Probe  
  60  6:09  Stalker  
  65  6:12  Probe, Pylon  
  65  6:16  Probe  
  67  6:19  Probe  
  67  6:24  Probe, Pylon  
  68  6:28  Probe  
  68  6:30  Phoenix  
  68  6:31  Probe  
  72  6:36  Probe  
  73  6:40  Probe  
  73  6:42  Assimilator  
  73  6:43  Assimilator  
  73  6:44  Shield Battery, Probe  
  73  6:46  Robotics Bay, Forge  
  75  6:48  Probe  
  75  6:52  Probe  
  77  6:56  Probe  
  77  7:00  Probe  
  79  7:03  Gateway, Assimilator  
  79  7:04  Gateway, Assimilator  
  79  7:06  Probe (Chrono Boost)  
  79  7:08  Phoenix (Chrono Boost), Probe (Chrono Boost)  
  83  7:18  Probe (Chrono Boost)  
  83  7:19  Observer  
  83  7:20  Probe (Chrono Boost)  
  83  7:22  Probe (Chrono Boost)  
  85  7:27  Photon Cannon  
  85  7:31  Pylon  
  85  7:34  Photon Cannon, Pylon  
  85  7:36  Pylon  
  85  7:38  Photon Cannon  
  85  7:39  Pylon  
  85  7:49  Probe x2  
  93  7:52  Probe  
  92  8:00  Stalker  
  92  8:01  Probe  
  92  8:03  Colossus (Chrono Boost)  
  92  8:05  Pylon  
  95  8:07  Pylon  
  95  8:08  Zealot x2  
  95  8:11  Twilight Council  
  95  8:12  Shield Battery  
  89  8:22  Pylon  
  87  8:29  Stalker x2  
  85  8:41  Probe x2  
  84  8:46  Probe  
  78  8:53  Probe x2  
  78  8:55  Stalker x2  
  84  8:56  Pylon  
Tags
 
Add a new tag
Caveats
  • Supply blocks, unpowered buildings, or Contaminate may cause inaccurate times.
  • Supply counts are checked every 10 seconds.